 Dungeon Crawl Stone Soup version 0.29.1-1-gd02db69 (webtiles) character file.

Game seed: 15714724401331022390

2949 mallonox the Spear-Bearer (level 9, -3/82 HPs)
             Began as a Minotaur Berserker on Feb 12, 2023.
             Was an Elder of Trog.
             Slain by Gastronok (30 damage)
             ... on level 8 of the Dungeon.
             The game lasted 00:19:27 (7912 turns).

mallonox the Spear-Bearer (Minotaur Berserker)      Turns: 7912, Time: 00:19:29

Health: -3/82      AC: 12    Str: 27    XL:     9   Next: 51%
Magic:  8/8        EV: 13    Int:  4    God:    Trog [****..]
Gold:   449        SH:  0    Dex:  9    Spells: 8/8 levels left

rFire   . . .      SeeInvis .   u - +2 halberd (vorpal)
rCold   . . .      Faith    .   (shield currently unavailable)
rNeg    . . .      Spirit   .   F - +0 steam dragon scales
rPois   .          Reflect  .   (helmet restricted)
rElec   .          Harm     .   i - +0 cloak
rCorr   .          Rampage  .   (no gloves)
Will    .....                   (no boots)
Stlth   +.........              (no amulet)
HPRegen 0.23/turn               C - +4 ring of protection
MPRegen 0.11/turn               (no ring)

@: slowed, very slow
A: horns 2, retaliatory headbutt
a: Renounce Religion, Berserk, Trog's Hand, Brothers in Arms


You were on level 8 of the Dungeon.
You worshipped Trog.
Trog was greatly pleased with you.
You visited 1 branch of the dungeon, and saw 8 of its levels.

You collected 449 gold pieces.

Inventory:

Hand Weapons
 r - a +0 trident
 u - a +2 vorpal halberd (weapon)
 v - a +1 vorpal spear
Armour
 i - a +0 cloak (worn)
 k - a +0 ring mail
 F - +0 steam dragon scales (worn)
Jewellery
 q - an amulet of faith
 C - a +4 ring of protection (left hand)
 G - a +4 ring of evasion
Wands
 y - a wand of quicksilver (8)
 z - a wand of flame (39)
 B - a wand of polymorph (13)
 H - a wand of roots (10)
 I - a wand of mindburst (7)
Scrolls
 c - 3 scrolls of fog {unknown}
 d - 5 scrolls of identify
 e - a scroll of amnesia {unknown}
 f - a scroll of blinking {unknown}
 l - 6 scrolls of teleportation
 n - 3 scrolls of magic mapping {unknown}
 o - 2 scrolls of vulnerability {unknown}
 s - a scroll of noise {unknown}
 t - a scroll of fear {unknown}
 x - 2 scrolls of enchant weapon {unknown}
 D - a scroll of torment {unknown}
 E - a scroll of poison {unknown}
Potions
 a - 2 potions of magic {unknown}
 b - 2 potions of brilliance {unknown}
 g - 2 potions of heal wounds {unknown}
 h - a potion of degeneration {unknown}
 j - a potion of attraction {unknown}
 m - 2 potions of haste {unknown}
 p - 2 potions of flight {unknown}
 w - 2 potions of ambrosia {unknown}
 A - a potion of berserk rage {unknown}
 J - a potion of mutation {unknown}
 K - a potion of invisibility {unknown}


   Skills:
 + Level 8.3 Fighting
 + Level 10.8 Polearms
 + Level 8.2 Armour
 + Level 5.5 Dodging


You had 8 spell levels left.
You didn't know any spells.
Your spell library was empty.

Dungeon Overview and Level Annotations

Branches:
Dungeon (8/15)             Temple (0/1) D:5
   Lair: D:8-11

Altars:
Hepliaklqana
Kikubaaqudgha
Makhleb
Zin

Shops:
D:4 *

Annotations:
D:8 Gastronok


Innate Abilities, Weirdness & Mutations

You have a pair of horns on your head.
You reflexively headbutt those who attack you in melee.


Message History

Reach: u) +2 halberd (vorpal)
Press: ? - help, Dir - move target, f/p - Gastronok
Aim: Gastronok, wearing a +0 hat (lightly wounded, covering ground quickly, about 7% to evade your +2 vorpal halberd)
You reach to attack!
You hit Gastronok.
Gastronok is lightly wounded.
Unknown command.
Gastronok mumbles some strange words.
You slash Gastronok! You headbutt Gastronok!
Gastronok is moderately wounded.
The rat closely misses you.
Gastronok is buffeted by a sudden breeze.
Gastronok bites you.
You slice Gastronok!! You headbutt Gastronok!
Gastronok is heavily wounded.
The rat bites you but does no damage. The rat barely misses you.
You puncture Gastronok! You headbutt Gastronok!
Gastronok is severely wounded.
The rat barely misses you. The rat closely misses you.
Gastronok completely misses you. You furiously retaliate!
You headbutt Gastronok. The rat misses you.
The rat bites you but does no damage.
You puncture Gastronok!
Gastronok is severely wounded.
The rat completely misses you. You furiously retaliate!
You headbutt the rat!
You kill the rat!
The rat's corpse disappears in a puff of smoke!
The rat closely misses you. You furiously retaliate!
You headbutt the rat. Gastronok bites you!!
You hit Gastronok.
Gastronok is severely wounded.
The rat misses you. You furiously retaliate!
You headbutt the rat!
You kill the rat!
The rat's corpse disappears in a puff of smoke!
Gastronok closely misses you.
You slash Gastronok!
Gastronok is almost dead.
You slash Gastronok!
Gastronok is almost dead.
Gastronok bites you!!
You die...

#.... .. #.... . #....
#. ######## ##'##
##.##.##...#######[..#
#...........#........#
#...ยง....(..#........#
+...........+........#
#...w@......#........#
#...........#........#
#..#..###..###..###..#
## #..###..###..###..#
#....#..............
#....#..............
#....#..............
#....#..............
#... #..............


You could see Gastronok (swift).

Vanquished Creatures
  Pikel (D:5)
  Sigmund (D:4)
  A wyvern (D:7)
  3 steam dragons
  Menkaure (D:6)
  An orc warrior (D:6)
  2 sky beasts
  An ice beast (D:6)
  A lemure (D:5)
  A bullfrog (D:6)
  5 jellies
  5 wights (D:6)
  3 killer bees (D:7)
  A hound (D:6)
  An orc priest (D:7)
  Crazy Yiuf (D:2)
  A quasit (D:3)
  A gnoll bouda (D:4)
  4 iguanas
  3 orc wizards (D:7)
  12 gnolls
  6 adders
  4 shadow imps
  5 white imps (D:4)
  6 ufetubi
  2 worms
  3 dart slugs
  17 orcs
  6 ball pythons
  5 endoplasms
  4 giant cockroaches
  8 goblins
  6 hobgoblins
  12 jackals
  7 kobolds
  5 quokkas
  4 bats
  3 frilled lizards
  9 rats
162 creatures vanquished.

Vanquished Creatures (others)
  An orc (D:7)
1 creature vanquished.

Grand Total: 163 creatures vanquished

Notes
Turn   | Place    | Note
-------+----------+-------------------------------------------
     0 | D:1      | mallonox the Minotaur Berserker began the quest for the
                  | Orb.
     0 | D:1      | Reached XP level 1. HP: 19/19 MP: 0/0
   117 | D:1      | Reached XP level 2. HP: 27/27 MP: 1/1
   289 | D:1      | Reached ** piety under Trog
   294 | D:1      | Reached XP level 3. HP: 21/34 MP: 2/2
   735 | D:2      | Found a glowing silver altar of Zin.
  1153 | D:2      | Found a runed translucent door.
  1154 | D:2      | Noticed Crazy Yiuf
  1161 | D:2      | Killed Crazy Yiuf
  1162 | D:2      | Reached skill level 5 in Fighting
  1162 | D:2      | Reached XP level 4. HP: 42/42 MP: 3/3
  2561 | D:4      | Reached XP level 5. HP: 12/50 MP: 4/4
  2913 | D:4      | Reached skill level 4 in Polearms
  3510 | D:4      | Reached XP level 6. HP: 57/57 MP: 5/5
  3764 | D:4      | Reached *** piety under Trog
  3889 | D:4      | Found an ancient bone altar of Kikubaaqudgha.
  3937 | D:4      | Found Waugialaing's Assorted Antiques.
  3974 | D:4      | Noticed Sigmund
  3980 | D:4      | Killed Sigmund
  3981 | D:4      | Reached skill level 5 in Polearms
  3981 | D:4      | Reached skill level 5 in Armour
  3981 | D:4      | Reached XP level 7. HP: 54/64 MP: 6/6
  4291 | D:5      | Entered Level 5 of the Dungeon
  4341 | D:5      | Found a staircase to the Ecumenical Temple.
  4341 | D:5      | Noticed a steam dragon
  4356 | D:5      | Killed a steam dragon
  4357 | D:5      | Reached skill level 6 in Polearms
  4595 | D:5      | Noticed Pikel
  4611 | D:5      | Killed Pikel
  4612 | D:5      | Reached skill level 7 in Polearms
  4612 | D:5      | Reached XP level 8. HP: 25/71 MP: 7/7
  5344 | D:6      | Noticed Menkaure
  5350 | D:6      | Killed Menkaure
  5351 | D:6      | Reached skill level 8 in Polearms
  5562 | D:6      | Found a hazy altar of Hepliaklqana.
  5851 | D:6      | Reached skill level 9 in Polearms
  5986 | D:6      | Reached skill level 5 in Dodging
  5995 | D:6      | Reached XP level 9. HP: 59/79 MP: 8/8
  6592 | D:7      | Reached skill level 10 in Polearms
  6742 | D:7      | Found a burning altar of Makhleb.
  6742 | D:7      | Noticed a green death
  7088 | D:7      | Reached **** piety under Trog
  7355 | D:7      | Noticed a hellwing
  7894 | D:8      | Noticed Gastronok
  7912 | D:8      | Slain by Gastronok

Illustrated notes

Levels and vault maps discovered:
D:1:      psy_arrival_conway, layout_rooms
D:2:      layout_basic, basic_altar, uniq_crazy_yiuf_cottage
D:3:      layout_basic
D:4:      layout_gridville, lemuel_doored_altar, serial_demonic,
          serial_demonic_e, serial_demonic_d, serial_demonic_b,
          serial_demonic_d, serial_demonic_g, serial_demonic_e, serial_shops,
          shop, minmay_crystal_room, item_on_display_a, uniq_sigmund
D:5:      layout_loops_ring, temple_fountains, gup_sewer_entry_bubbles,
          uniq_pikel
D:6:      layout_rooms, mainiacjoe_overflow_24_doors, uniq_menkaure
D:7:      layout_basic, makhleb_altar_promises_db, feat_on_display
D:8:      layout_gridville, grunt_qazlal_clouds, hangedman_abyss_or_decor_stabs,
          uniq_grum, uniq_joseph, uniq_gastronok

Skill      XL: |  1  2  3  4  5  6  7  8  9 |
---------------+----------------------------+-----
Fighting       | 4 5 6 7 8 |  8.3
Armour         | 3 4 5 6 7 8 |  8.2
Dodging        | 3 4 5 |  5.5
Polearms       | 4 5 7 9 10 | 10.8

Action                   |  1- 3 |  4- 6 |  7- 9 || total
-------------------------+-------+-------+-------++-------
Melee: Spear             |    75 |    80 |       ||   155
       Headbutt          |    11 |    26 |    34 ||    71
       Punch             |     1 |       |       ||     1
       Trident           |       |    45 |       ||    45
       Halberd           |       |    33 |   208 ||   241
Invok: Berserk           |     1 |     2 |     3 ||     6
       Trog's Hand       |       |     1 |     1 ||     2
  Use: Scroll            |       |       |     1 ||     1
Armor: Animal skin       |    10 |       |       ||    10
       Ring mail         |       |    60 |    57 ||   117
       Steam dragon scal |       |       |    12 ||    12
Dodge: Dodged            |    32 |    99 |   102 ||   233
